 Dungeon Crawl Stone Soup version 0.25-a0-667-gb977e01cb5 (webtiles) character file.

Game seed: 15617034178253683596, levelgen mode: deterministic

397 DasRunzen the Poker (level 6, 0/51 HPs)
             Began as a Demigod Gladiator on Mar 27, 2020.
             Slain by an orc priest
             ... wielding a cursed -1 club
              (3 damage)
             ... on level 4 of the Dungeon.
             The game lasted 00:05:02 (2337 turns).

DasRunzen the Poker (Demigod Gladiator)             Turns: 2337, Time: 00:05:03

Health: 0/51       AC:  4    Str: 17    XL:     6   Next: 27%
Magic:  12/12      EV: 14    Int: 16    God:
Gold:   217        SH:  0    Dex: 17    Spells: 9/9 levels left

rFire    . . .     SeeInvis .   a - +0 trident
rCold    . . .     Gourm    .   (no shield)
rNeg     . . .     Faith    .   b - +0 leather armour
rPois    +         Spirit   .   c - +0 helmet
rElec    .         Reflect  .   (no cloak)
rCorr    .         Harm     .   (no gloves)
MR       .....                  (no boots)
Stlth    +.........             (no amulet)
HPRegen  0.17/turn              k - ring of poison resistance
MPRegen  0.13/turn              (no ring)

@: no status effects
A: high mp 1
a: no special abilities


You were on level 4 of the Dungeon.
You were very hungry.

You visited 1 branch of the dungeon, and saw 4 of its levels.

You collected 217 gold pieces.

Inventory:

Hand Weapons
 a - a +0 trident (weapon)
Missiles
 d - 3 throwing nets (quivered)
Armour
 b - a +0 leather armour (worn)
 c - a +0 helmet (worn)
Jewellery
 k - a ring of poison resistance (left hand)
Wands
 n - a wand of enslavement (13)
Scrolls
 e - a scroll of enchant weapon {unknown}
 i - 2 scrolls of remove curse
Potions
 g - a potion of brilliance
 h - a potion of heal wounds
 j - a potion of lignification {unknown}
 l - 2 potions of curing {unknown}
 m - a potion of stabbing {unknown}
Comestibles
 f - 3 rations


   Skills:
 + Level 3.2 Fighting
 + Level 3.8 Polearms
 - Level 1.7 Throwing
 + Level 2.5 Armour
 + Level 3.8 Dodging
 + Level 2.2 Spellcasting


You had 9 spell levels left.
You didn't know any spells.
Your spell library was empty.

Dungeon Overview and Level Annotations

Branches:
Dungeon (3/15)             Temple (0/1) D:4

Annotations:
D:4 3 runed translucent doors, hemabe's ghost, novice HuAr


Innate Abilities, Weirdness & Mutations

You have an increased reservoir of magic. (+10% MP)


Message History

You are too injured to fight recklessly!
You are too injured to fight recklessly!
You barely miss the orc priest.
The orc priest hits you with a cursed -1 club.
You closely miss the orc priest.
The orc priest hits you with a cursed -1 club.
You puncture the orc priest!
The orc priest is severely wounded.
The orc priest hits you with a cursed -1 club.
* * * LOW HITPOINT WARNING * * *
You hit the orc priest.
The orc priest is almost dead.
The orc priest mumbles some strange prayers to Beogh against you.
Beogh smites you!
* * * LOW HITPOINT WARNING * * *
The orc priest barely misses you.
You hit the orc priest.
The orc priest is almost dead.
The orc priest hits you with a cursed -1 club.
You die...

........# ........## #.>...#
.........# ##.....##
........o# #.......
...(...o.# #......#
#.#+##+#.###......#
######........#...##...#
#....#.......o##..##...#
#.##.#.......oo@....)..#
#.##.#.......#####.#.###
##.##.#.............#.#
...##.#....#..##..###.####
...##.#....#.............###
....#.#......#####..####...##
8.8.#.#.....#
...####..###..#####
.⌠....#.....#.ZZ..YZ....
##.#....
>.8..##....##..###Z...)..
#.#....


You could see an orc priest and 2 orcs.

Vanquished Creatures
  An ogre (D:4)
  2 hounds (D:4)
  An orc wizard (D:4)
  3 worker ants (D:4)
  7 adders
  A shadow imp (D:4)
  A worm (D:3)
  A leopard gecko (D:1)
  4 orcs (D:4)
  9 bats
  A giant cockroach (D:1)
  5 goblins
  6 hobgoblins
  9 jackals
  4 quokkas
  3 ball pythons
  4 frilled lizards
  5 kobolds
  8 rats
75 creatures vanquished.

Notes
Turn   | Place    | Note
-------+----------+-------------------------------------------
     0 | D:1      | DasRunzen the Demigod Gladiator began the quest for the
                  | Orb.
     0 | D:1      | Reached XP level 1. HP: 17/17 MP: 3/3
   100 | D:1      | Reached XP level 2. HP: 8/24 MP: 4/4
   603 | D:2      | Reached skill level 1 in Armour
   603 | D:2      | Reached XP level 3. HP: 25/29 MP: 6/6
   874 | D:2      | Reached skill level 1 in Spellcasting
  1356 | D:3      | Reached XP level 4. HP: 34/37 MP: 8/8
  1545 | D:3      | You fall into a shaft and drop 1 floor!
  1750 | D:4      | Reached XP level 5. HP: 40/42 MP: 8/10
  1771 | D:4      | Found a staircase to the Ecumenical Temple.
  2078 | D:4      | Found a runed translucent gate.
  2078 | D:4      | Found a runed translucent gate.
  2078 | D:4      | Found a runed translucent gate.
  2117 | D:4      | Found a shattered altar of Ashenzari.
  2177 | D:4      | Noticed an ice beast
  2178 | D:4      | Noticed hemabe's ghost (novice HuAr)
  2178 | D:4      | Noticed an ice beast
  2186 | D:4      | Noticed an ogre
  2196 | D:4      | Killed an ogre
  2196 | D:4      | Reached XP level 6. HP: 13/51 MP: 10/12
  2337 | D:4      | Slain by an orc priest

Levels and vault maps discovered:
D:1:      mrwooster_arrival_statue, layout_basic
D:2:      layout_loops_corners, first_ration
D:3:      layout_rooms
D:4:      layout_basic, ashenzari_conservatory_becter,
          minmay_temple_entry_statues_fountains, serial_shops,
          nicolae_shop_trees, gammafunk_ghost_icy, uniq_edmund

Skill      XL: |  1  2  3  4  5 |
---------------+----------------+-----
Fighting       | 2 3 |  3.2
Polearms       | 3 |  3.8
Armour         | 1 2 |  2.5
Dodging        | 3 |  3.8
Spellcasting   | 1 2 |  2.2
Throwing       | |  1.7

Action                   |  1- 3 |  4- 6 || total
-------------------------+-------+-------++-------
Melee: Trident           |   142 |   163 ||   305
  Use: Scroll            |     6 |     1 ||     7
       Potion            |       |     1 ||     1
 Stab: Distracted        |     1 |       ||     1
       Sleeping          |       |     2 ||     2
  Eat: Chunk             |     1 |     3 ||     4
Armor: Leather armour    |    44 |    31 ||    75
Dodge: Dodged            |    89 |   100 ||   189

Table legend:
 A = Non-vault XP
 B = Vault XP
 C = Vault XP percentage of total XP
 D = Non-vault monster count
 E = Vault monster count
 F = Vault count percentage of total count
                 A         B        C        D         E       F
            +---------+---------+-------+---------+---------+-------
      Total |     568 |       0 |   0.0 |      75 |       0 |   0.0
            +---------+---------+-------+---------+---------+-------
        D:1 |      39 |       0 |   0.0 |      23 |       0 |   0.0
        D:2 |      75 |       0 |   0.0 |      18 |       0 |   0.0
        D:3 |      39 |       0 |   0.0 |      16 |       0 |   0.0
        D:4 |     415 |       0 |   0.0 |      18 |       0 |   0.0
            +---------+---------+-------+---------+---------+-------
